 Dungeon Crawl Stone Soup version 0.30-b1-2-g02819fbbbe (webtiles) character file.

Game seed: 11985432611072130787

211 zedzed the Shield-Bearer (level 5, -4/34 HPs)
             Began as a Gargoyle Fighter on Nov 1, 2023.
             Killed by divine providence
             ... invoked by an orc priest
              (12 damage)
             ... on level 3 of the Dungeon.
             The game lasted 00:10:12 (1850 turns).

zedzed the Shield-Bearer (Gargoyle Fighter)         Turns: 1850, Time: 00:10:12

Health: -4/34      AC: 11    Str: 20    XL:     5   Next: 88%
Magic:  5/5        EV:  9    Int: 10    God:
Gold:   112        SH:  4    Dex:  9    Spells: 4/4 levels left

rFire   + . .        a - +0 flail
rCold   x . .        c - +0 buckler
rNeg    + . .        b - +0 scale mail
rPois   ∞            (no helmet)
rElec   +            (no cloak)
rCorr   .            (no gloves)
SInv    .            (no boots)
Will    .....        (no amulet) Stlth
                     l - ring of fire
HPRegen 0.25/turn    (no ring)
MPRegen 0.09/turn

%: no passive effects
@: no status effects
A: sickness immunity, AC +4, negative energy resistance 1, electricity
resistance, torment resistance 1, petrification resistance
a: no special abilities


You were on level 3 of the Dungeon.
You visited 1 branch of the dungeon, and saw 3 of its levels.

You collected 112 gold pieces.

Inventory:

Hand Weapons
 a - a +0 flail (weapon)
Armour
 b - a +0 scale mail (worn)
 c - a +0 buckler (worn)
Jewellery
 l - a ring of fire (left hand)
Scrolls
 e - a scroll of enchant armour {unknown}
 f - 2 scrolls of teleportation {unknown}
 h - 5 scrolls of magic mapping {unknown}
 j - a scroll of poison {unknown}
 k - a scroll of blinking {unknown}
 n - 2 scrolls of identify
 o - a scroll of vulnerability {unknown}
 p - a scroll of immolation {unknown}
 q - a scroll of enchant weapon {unknown}
 r - 3 scrolls of amnesia {unknown}
Potions
 d - 2 potions of might
 g - a potion of invisibility {unknown}
 i - a potion of brilliance {unknown}
 m - a potion of curing


   Skills:
 * Level 4.6 Fighting
 * Level 3.5 Maces & Flails
 + Level 4.0 Armour
 * Level 4.6 Shields


You had 4 spell levels left.
You didn't know any spells.
Your spell library contained the following spells:

 Spells                   Type           Power      Damage    Failure   Level
 Shock                    Conj/Air       0%         1d3       78%         1
 Portal Projectile        Hex/Tloc       0%         N/A       98%         3
 Swiftness                Air            0%         N/A       98%         3
 Tukima's Dance           Hex            0%         N/A       98%         3
 Airstrike                Air            0%         2d(0-16)  100%        4
 Blade Hands              Tmut           0%         N/A       100%        5


Dungeon Overview and Level Annotations

Branches:
Dungeon (3/15)

Altars:


Innate Abilities, Weirdness & Mutations

You are immune to sickness and miasma.
Your stone body is resilient. (AC +4)
You are immune to poison.
You resist negative energy. (rN+)
You are resistant to electric shocks. (rElec)
You are resistant to unholy torment.
You are immune to petrification.


Message History

The orc priest hits you but does no damage.
The orc priest miscasts a cantrip.
You closely miss the orc priest.
The orc priest looks encouraged for a moment.
You barely miss the orc priest.
The orc priest hits you with a +0 flail.
You barely miss the orc priest. You sock the orc!
You kill the orc!
You barely miss the orc. The orc hits you but does no damage. x2
You hit the orc.
The orc is heavily wounded.
The orc completely misses you.
You closely miss the orc.
The orc is heavily wounded.
The orc hits you but does no damage.
You thump the orc!
You kill the orc!
You hit the orc but do no damage. The orc hits you but does no damage. x2
The orc priest mumbles some strange prayers to Beogh against you.
Beogh smites you! The orc barely misses you. x2
The orc priest invokes the aid of Beogh against you.
Beogh smites you!
* * * LOW HITPOINT WARNING * * *
Unknown command.
You are too injured to fight recklessly!
You are too injured to fight recklessly!
You barely miss the orc. The orc hits you with a +0 mace.
* * * LOW HITPOINT WARNING * * *
You block the orc's attack.
Unknown command.
You feel better. The orc misses you. The orc closely misses you.
You closely miss the orc. The orc closely misses you. x2
You barely miss the orc. The orc closely misses you.
The orc hits you from afar with a +0 trident.
* * * LOW HITPOINT WARNING * * *
You barely miss the orc. The orc hits you but does no damage. x2
The orc priest invokes the aid of Beogh against you.
Beogh smites you!
You die...

#### ....
#..###########
#..##......).#.#
#oo........#.#.#
#o###......#.#.#
#@#.#......#.#.#
#.#.#.####.#.#.#
#..........#.#.###
#####.######......
#.......#........###
#########.###.......
#.# #.######
###.###.######
#.............


You could see an orc priest and 2 orcs.

Vanquished Creatures
  An ogre (D:3)
  An iguana (D:3)
  5 adders
  4 orcs (D:3)
  2 endoplasms
  5 giant cockroaches
  4 goblins
  6 hobgoblins
  4 quokkas
  6 ball pythons
  A bat (D:3)
  3 frilled lizards
  5 kobolds
  5 rats
52 creatures vanquished.

Notes
Turn   | Place    | Note
-------+----------+-------------------------------------------
     0 | D:1      | zedzed the Gargoyle Fighter began the quest for the Orb.
     0 | D:1      | Reached XP level 1. HP: 14/14 MP: 1/1
   140 | D:1      | Found a faded altar of an unknown god.
   338 | D:1      | Reached XP level 2. HP: 18/19 MP: 2/2
   894 | D:2      | Reached XP level 3. HP: 22/24 MP: 3/3
  1085 | D:2      | Reached XP level 4. HP: 27/29 MP: 4/4
  1420 | D:3      | Noticed an ogre
  1436 | D:3      | Killed an ogre
  1437 | D:3      | Reached XP level 5. HP: 32/34 MP: 5/5
  1850 | D:3      | Killed from afar by an orc priest

Illustrated notes

Levels and vault maps discovered:
D:1:      nagdon_arrival_double_spiral, layout_basic,
          hellmonk_ecumenical_altar_lost_god
D:2:      layout_rooms, minmay_tetromino_t2
D:3:      layout_basic, minmay_fractal_squares_gapless_5

Skill      XL: |  1  2  3  4 |
---------------+-------------+-----
Fighting       | 4 |  4.6
Shields        | 4 |  4.6
Maces & Flails | 3 |  3.5
Armour         | 4 |  4.0

Action                     |  1- 3 |  4- 6 || total
---------------------------+-------+-------++-------
  Melee: Flail             |    81 |    95 ||   176
    Use: Scroll            |       |     1 ||     1
         Potion            |       |     1 ||     1
 Armour: Scale mail        |    41 |    44 ||    85
  Dodge: Dodged            |    30 |    36 ||    66
  Block: Buckler           |    13 |    16 ||    29
